Map: Catalyst LE

Players

Kelazhur - Winner!

  • Race: Terran Terran
  • Spawn Location: 5:00

Has

  • Race: Protoss Protoss
  • Spawn Location: 11:00

Event: WCS Valencia 2018

VOD

Have the link to the VOD?

Description

Time

  • Played on: July 13, 2018, 1:27 p.m.
  • Length: 16:07

All games in this series

Show
View Real Time Build Order
Export as new Build Order

Kelazhur Terran - Winner!

Build Orders: Reaper Expand 

Get SALT Encoding   

  12  0:00  SCV  
  13  0:12  SCV  
  14  0:17  Supply Depot  
  14  0:24  SCV  
  15  0:38  SCV  
  15  0:39  Barracks  
  16  0:44  Refinery  
  16  0:50  SCV  
  17  1:03  SCV  
  18  1:15  SCV  
  19  1:26  Reaper  
  19  1:27  Orbital Command  
  20  1:41  Command Center  
  20  1:55  Supply Depot, SCV  
  20  1:59  Marine  
  22  2:07  Factory  
  22  2:09  SCV  
  23  2:21  Barracks Reactor  
  23  2:25  Bunker  
  23  2:26  SCV  
  24  2:38  SCV  
  24  2:50  SCV  
  24  2:52  Orbital Command  
  24  2:55  Bunker  
  24  2:57  Marine x2  
  24  2:58  Factory Tech Lab  
  26  3:02  SCV  
  27  3:11  Supply Depot  
  27  3:14  SCV  
  27  3:15  Marine x2  
  30  3:23  Siege Tank  
  30  3:26  SCV  
  34  3:33  SCV, Marine x2  
  37  3:38  SCV  
  38  3:45  SCV  
  39  3:50  SCV  
  39  3:54  Marine x2  
  42  4:02  Siege Tank  
  45  4:09  SCV  
  46  4:12  Marine  
  46  4:16  Marine  
  45  4:23  Refinery  
  45  4:29  Bunker  
  45  4:30  Marine  
  40  4:53  Supply Depot  
  40  4:54  Supply Depot  
  38  5:04  Bunker  
  38  5:08  Marine, Siege Tank  
  38  5:11  SCV  
  44  5:16  SCV  
  44  5:17  Bunker  
  44  5:19  Bunker  
  43  5:22  Bunker, Marine  
  43  5:23  SCV  
  44  5:28  SCV  
  44  5:35  SCV  
  44  5:40  SCV  
  44  5:42  Bunker  
  47  5:47  SCV  
  48  5:53  SCV  
  48  6:00  SCV  
  49  6:05  SCV  
  49  6:06  Factory Tech Lab  
  50  6:12  SCV  
  50  6:16  Marine  
  50  6:17  SCV  
  52  6:21  Starport  
  52  6:24  SCV, Siege Tank, Barracks  
  56  6:26  Barracks  
  56  6:34  Marine  
  49  6:52  Marine  
  49  6:57  Siege Tank  
  49  6:59  Bunker  
  48  7:10  Marine  
  48  7:12  Marine  
  48  7:13  Viking  
  52  7:23  Marine  
  52  7:26  Supply Depot  
  52  7:27  Marine  
  54  7:32  Marine  
  55  7:41  Marine  
  56  7:45  Marine  
  56  7:49  SCV  
  56  7:50  Marine  
  62  7:53  Viking  
  61  7:59  Marine  
  61  8:00  Supply Depot  
  61  8:03  Marine  
  60  8:08  Marine  
  60  8:09  SCV  
  60  8:17  Marine  
  61  8:21  Marine  
  60  8:30  SCV  
  60  8:31  SCV  
  60  8:33  Medivac  
  62  8:37  Barracks Tech Lab  
  62  8:46  Siege Tank  
  65  8:56  Stimpack, Marine x2  
  65  8:57  Marine  
  65  9:02  Supply Depot  
  68  9:14  Marine x2  
  68  9:19  Marine  
  67  9:32  Marine x2  
  67  9:36  Siege Tank  
  67  9:37  Marine  
  73  9:42  Medivac  
  75  9:50  Marine x2  
  77  9:58  Marine  
  78  10:21  Marine  
  63  10:23  Marine x2  
  34  11:05  Orbital Command  
  31  11:46  Siege Tank  
  30  12:41  Orbital Command  
  30  12:48  Marine x2  
  32  13:12  Viking  
  34  14:59  Orbital Command  
  34  15:12  Orbital Command  
  31  15:41  Marine  
Show
View Real Time Build Order
Export as new Build Order

Has Protoss 

Build Orders:  

Get SALT Encoding   

  12  0:08  Pylon  
  12  0:13  Probe  
  13  0:27  Gateway  
  13  0:31  Probe  
  14  0:43  Probe  
  14  0:45  Assimilator  
  15  0:55  Probe  
  15  0:57  Assimilator  
  16  1:07  Probe  
  16  1:09  Pylon  
  17  1:15  Cybernetics Core  
  17  1:19  Probe  
  18  1:31  Probe  
  19  1:39  Assimilator  
  20  1:47  Adept  
  20  1:52  Robotics Facility  
  21  2:04  Shield Battery  
  21  2:09  Warp Gate  
  21  2:17  Adept  
  23  2:31  Pylon  
  23  2:32  Immortal  
  26  2:55  Shield Battery  
  26  3:00  Probe  
  27  3:10  Immortal  
  31  3:28  Shield Battery  
  31  3:36  Shield Battery  
  31  3:40  Warp Prism  
  29  3:43  Shield Battery  
  31  3:59  Shield Battery  
  30  4:20  Shield Battery x2  
  30  4:22  Immortal  
  34  4:42  Shield Battery  
  34  5:04  Stalker  
  36  5:10  Shield Battery  
  36  5:34  Shield Battery  
  36  5:36  Immortal  
  39  6:06  Pylon  
  39  6:20  Pylon  
  39  6:24  Immortal  
  43  6:28  Gateway  
  43  6:29  Gateway  
  41  6:59  Probe  
  41  7:00  Stalker  
  44  7:03  Immortal  
  44  7:07  Probe  
  45  7:18  Probe  
  45  7:22  Pylon  
  46  7:30  Adept x3  
  46  7:33  Immortal  
  56  7:51  Pylon  
  56  7:57  Adept  
  58  8:07  Warp Prism  
  50  8:20  Adept x2  
  50  8:33  Adept  
  50  8:40  Adept x2  
  54  8:42  Observer  
  55  8:54  Pylon  
  55  8:57  Adept  
  55  9:01  Stalker  
  59  9:08  Stalker  
  59  9:20  Stalker  
  57  9:32  Adept  
  59  9:42  Adept  
  61  9:58  Sentry  
  61  9:59  Adept  
  65  10:05  Zealot  
  19  11:28  Immortal  
Tags
 
Add a new tag
Caveats
  • Supply blocks, unpowered buildings, or Contaminate may cause inaccurate times.
  • Supply counts are checked every 10 seconds.